 Dungeon Crawl Stone Soup version 0.22-a0-521-gb1378044ac (webtiles) character file.

64 Oravi the Magician (level 4, -5/24 HPs)
             Began as a Tengu Wizard on June 20, 2018.
             Killed from afar by Natasha (10 damage)
             ... with a magic dart
             ... on level 2 of the Dungeon.
             The game lasted 00:05:17 (1844 turns).

Oravi the Magician (Tengu Wizard)                   Turns: 1844, Time: 00:05:18

Health: -5/24      AC:  2    Str:  8    XL:     4   Next: 12%
Magic:  6/10       EV: 12    Int: 19    God:
Gold:   59         SH:  0    Dex: 12    Spells: 7/10 levels left

rFire    . . .     SeeInvis .   j - +0 hand axe (curse)
rCold    . . .     Gourm    .   (no shield)
rNeg     . . .     Faith    .   a - +0 robe
rPois    .         Spirit   .   b - +0 hat
rElec    .         Reflect  .   (no cloak)
rCorr    .         Harm     .   (no gloves)
MR       .....                  (boots unavailable)
Stlth    ++........             (no amulet)
HPRegen  0.08/turn              (no ring)
MPRegen  0.12/turn              (no ring)

@: no status effects
A: beak, talons 3
a: no special abilities


You were on level 2 of the Dungeon.
You were not hungry.

You visited 1 branch of the dungeon, and saw 2 of its levels.

You collected 59 gold pieces.

Inventory:

Hand Weapons
 f - a cursed -2 dagger
 h - a +0 dagger
 j - a cursed +0 hand axe (weapon)
Missiles
 e - 20 stones (quivered)
 i - 8 poisoned needles
Armour
 a - a +0 robe (worn)
 b - a +0 hat (worn)
Scrolls
 c - 4 scrolls of teleportation {unknown}
Potions
 k - a potion of mutation {unknown}
 l - a potion of magic {unknown}
Comestibles
 d - 2 rations


   Skills:
 - Level 2.1 Dodging
 - Level 2.0 Stealth
 + Level 3.9 Spellcasting
 + Level 3.7 Conjurations
   Level 1.2 Summonings
 - Level 0.7 Translocations


You had 7 spell levels left.
You knew the following spells:

 Your Spells              Type           Power        Failure   Level  Hunger
a - Magic Dart            Conj           ###.         3%          1    None
b - Blink                 Tloc           N/A          16%         2    ##.....

Your spell library contained the following spells:

 Spells                   Type           Power        Failure   Level  Hunger
 Conjure Flame            Conj/Fire      ##......     21%         3    ###....
 Slow                     Hex            #.......     22%         2    ##.....
 Mephitic Cloud           Conj/Pois/Air  #.......     26%         3    ###....
 Call Imp                 Summ           #.......     13%         2    ##.....


Dungeon Overview and Level Annotations

Branches:
Dungeon (2/15)

Altars:

Annotations:
D:2 Natasha


Innate Abilities, Weirdness & Mutations

You have a beak for a mouth.
You have claws for feet.


Message History

The frilled lizard bites you. The frilled lizard closely misses you.
You hit the frilled lizard.
You kill the frilled lizard!
A worm comes into view.
The worm moves out of view.
The worm is too close now for your liking.
Natasha, Servant of Life and Death comes into view.
Natasha hisses angrily.
You see here a club.
Natasha stares at you and mumbles some strange words.
The magic dart hits you!
* * * LOW HITPOINT WARNING * * *
Natasha is too close now for your liking.
All of the chunks of flesh in your inventory have rotted away.
Natasha stares at you and mumbles some strange words.
You resist with some effort.
Natasha is too close now for your liking.
Natasha stares at you and mumbles some strange words.
The magic dart hits you!
You die...

.## #.. ##..# ##. .#.####
## ........##### #.#
#...... ####### #.##
#####.. #..<..#
#####..########..
#.....#####......<.........
#.........@<####..#####.#.#
#....h####### ###.........#
#......##### ##....###..###
#..........###..##.# #.##
##########..h...##.###.##
#....#..)......##
####.#######.###.....
###......# #..##.####
#........# ##.h..#


You could see Natasha.

Vanquished Creatures
  Natasha (D:2)
  A dart slug (D:2)
  2 giant cockroaches
  3 goblins
  5 hobgoblins
  4 jackals
  5 kobolds (D:1)
  A quokka (D:2)
  3 bats
  5 frilled lizards
  5 rats
35 creatures vanquished.

Notes
Turn   | Place    | Note
-------+----------+-------------------------------------------
     0 | D:1      | Oravi the Tengu Wizard began the quest for the Orb.
     0 | D:1      | Reached XP level 1. HP: 10/10 MP: 5/5
   257 | D:1      | Reached XP level 2. HP: 15/15 MP: 1/7
   261 | D:1      | Learned a level 2 spell: Blink
  1259 | D:2      | Reached XP level 3. HP: 19/19 MP: 4/8
  1347 | D:2      | Noticed Natasha
  1355 | D:2      | Killed Natasha
  1724 | D:2      | Reached XP level 4. HP: 24/24 MP: 7/10
  1825 | D:2      | Noticed Natasha
  1844 | D:2      | Killed from afar by Natasha

Vault maps used:
D:1:      dpeg_arrival_boxorama, serial_glass, glass_columns_b, glass_columns_a
D:2:      gammafunk_temple_overflow_statue, nicolae_overflow_hidden_temple,
          uniq_natasha

Skill      XL: |  1  2  3 |
---------------+----------+-----
Conjurations   | 2 3 |  3.7
Dodging        | |  2.1
Stealth        | |  2.0
Spellcasting   | |  3.9
Summonings     | |  1.2
Translocations | |  0.7

Action                   |  1- 3 |  4- 6 || total
-------------------------+-------+-------++-------
Melee: Dagger            |    21 |       ||    21
       Kick              |     5 |       ||     5
       Unarmed           |     1 |       ||     1
       Peck              |     1 |       ||     1
       Hand axe          |       |     7 ||     7
Throw: Stone             |     8 |       ||     8
 Cast: Magic Dart        |    61 |    12 ||    73
  Eat: Chunk             |     2 |     1 ||     3
Armor: Robe              |     7 |     4 ||    11
Dodge: Dodged            |    14 |     8 ||    22

Table legend:
 A = Spawn XP
 B = Non-spawn XP
 C = Spawn XP percentage of total XP
 D = Spawn monster count
 E = Non-spawn monster count
 F = Spawn count percentage of total count
 G = Total turns spent on level
                    A         B        C        D         E        F      G
               +---------+---------+-------+---------+---------+-------+---------
         Total |       0 |      92 |   0.0 |       0 |      35 |   0.0 |  1844
               +---------+---------+-------+---------+---------+-------+---------
           D:1 |       0 |      31 |   0.0 |       0 |      20 |   0.0 |  1457
           D:2 |       0 |      61 |   0.0 |       0 |      15 |   0.0 |   387
               +---------+---------+-------+---------+---------+-------+---------
